[Event "GambitGuide"]
[Site "Internet Chess Club"]
[Date "2014.10.30"]
[Round "1"]
[White "JSBach"]
[Black "asithink"]
[Result "0-1"]
[ICCResult "White checkmated"]
[WhiteElo "1652"]
[BlackElo "2016"]
[Opening "Vienna: `Frankenstein-Dracula' variation"]
[ECO "C27"]
[NIC "VG.02"]
[Time "18:12:04"]
[TimeControl "120+12"]

1. e4 e5 2. Nc3 Nf6 3. Bc4 Nxe4 4. Qh5 Nd6 5. Bb3 Nc6 6. Nb5 g6 7. Qf3 f5 8.
Qd5 Qe7 9. Nxc7+ Kd8 10. Nxa8 b6 11. Ba4 Bb7 12. Nxb6 axb6 13. Qb3 Kc7 14.
Ne2 Nd4 15. Nxd4 exd4+ 16. Kf1 Qg5 17. f3 Bg7 18. Kg1 Re8 19. Kf1 Qh4 20. g3
Qh3+ 21. Kf2 Ne4+ 22. fxe4 Bxe4 23. Qc4+ Kb7 24. Qf1 Qh5 25. Bxd7 Qf3+ 26.
Ke1 Bd3+ 27. Bxe8 Bxf1 28. Rxf1 Qe4+ 29. Kf2 Qxe8 30. Re1 Qc6 31. Re7+ Ka6
32. Rxg7 Qxc2 33. a4 Ka5 34. Rxh7 g5 35. h4 g4 36. h5 Qe4 37. Kg1 Qf3 38.
b4+ Kxb4 39. Rb1+ Kc4 40. Rc7+ Kd5 41. Rd7+ Ke6 42. Rxd4 Qxg3+ 43. Kf1 Qf3+
44. Ke1 Qh1+ 45. Kf2 Qf3+ 46. Ke1 Qh1+ 47. Kf2 Qf3+ 48. Kg1 g3 49. Rxb6+ Ke7
50. Ba3+ Ke8 51. Rb8+ Kf7 52. Rd7+ Ke6 53. Re7+ Kf6 54. Rf8+ Kg5 55. Rg8+
Kh4 56. Bc5 Qd1+ 57. Kg2 Qxd2+ 58. Kf1 Qc1+ 59. Kg2 Qxc5 60. Rxg3 Qxe7 61.
Rh3+ Kg5 62. h6 Qe2+ 63. Kh1 Qd1+ 64. Kg2 Qxa4 65. h7 Qc2+ 66. Kg1 Qb1+ 67.
Kg2 Qb2+ 68. Kf1 Qh8 69. Ke2 Kg4 70. Rh6 f4 71. Ke1 Kg5 72. Rh3 Kg4 73. Rh6
f3 74. Rg6+ Kf4 75. Rh6 Qe5+ 76. Kd2 f2 77. Rh4+ Kg3 78. h8=Q Qxh8 79. Rxh8
f1=Q 80. Rg8+ Kh4 81. Ke3 Qc1+ 82. Kd3 Kh5 83. Rh8+ Kg6 84. Rh2 Kf5 85. Rf2+
Ke5 86. Re2+ Kd5 87. Rd2 Qc4+ 88. Ke3+ Ke5 89. Rd3 Qf4+ 90. Ke2 Ke4 91. Rd1
Qf3+ 92. Ke1 Qe3+ 93. Kf1 Kf3 94. Rd2 Qxd2 95. Kg1 Qg2# {White checkmated}
0-1

[Event "GambitGuide"]
[Site "Internet Chess Club"]
[Date "2014.10.30"]
[Round "1"]
[White "JSBach"]
[Black "chess-rehab"]
[Result "0-1"]
[ICCResult "White checkmated"]
[WhiteElo "1652"]
[BlackElo "2094"]
[Opening "Vienna: `Frankenstein-Dracula' variation"]
[ECO "C27"]
[NIC "VG.02"]
[Time "18:16:26"]
[TimeControl "120+12"]

1. e4 e5 2. Nc3 Nf6 3. Bc4 Nxe4 4. Qh5 Nd6 5. Bb3 Nc6 6. Nb5 g6 7. Qf3 f5 8.
Qd5 Qe7 9. Nxc7+ Kd8 10. Nxa8 b6 11. Ba4 Bb7 12. Nxb6 axb6 13. Qb3 b5 14.
Nf3 bxa4 15. Qxa4 Nd4 16. Nxd4 exd4+ 17. Kf1 Qe4 18. f3 Qd5 19. Kf2 d3 20.
cxd3 Bg7 21. Re1 Qxd3 22. Qa5+ Kc8 23. Qc5+ Bc6 24. Qa5 Bd4+ 25. Kg3 f4+ 26.
Kxf4 Bf2 27. Qe5 Rf8+ 28. Kg4 Bxf3+ 29. Kh3 Bxg2+ 30. Kxg2 Qf3+ 31. Kf1
Bxe1+ 32. Kxe1 Qf1# {White checkmated} 0-1

[Event "GambitGuide"]
[Site "Internet Chess Club"]
[Date "2014.10.30"]
[Round "1"]
[White "JSBach"]
[Black "asithink"]
[Result "1-0"]
[ICCResult "Black resigns"]
[WhiteElo "1652"]
[BlackElo "2016"]
[Opening "Vienna: `Frankenstein-Dracula' variation"]
[ECO "C27"]
[NIC "VG.02"]
[Time "18:17:41"]
[TimeControl "120+12"]

1. e4 e5 2. Nc3 Nf6 3. Bc4 Nxe4 4. Qh5 Nd6 5. Bb3 Nc6 6. Nb5 g6 7. Qf3 f5 8.
Qd5 Qe7 9. Nxc7+ Kd8 10. Nxa8 b6 11. Ba4 Bb7 12. Nxb6 axb6 13. Qb3 Kc7 14.
Ne2 Nd4 15. Nxd4 exd4+ 16. Kf1 Qg5 17. f3 Bg7 18. d3 Qh4 19. Bd2 Rf8 20. Bb4
Be5 21. Re1 Bxh2 22. Bxd6+ Kxd6 23. Qxb6+ Bc6 24. Qb4+ Kc7 25. Bxc6
{Black resigns}
1-0

[Event "GambitGuide"]
[Site "Internet Chess Club"]
[Date "2014.10.30"]
[Round "1"]
[White "JSBach"]
[Black "waynehatcher"]
[Result "1-0"]
[ICCResult "Black resigns"]
[WhiteElo "1652"]
[BlackElo "1858"]
[Opening "Vienna: `Frankenstein-Dracula' variation"]
[ECO "C27"]
[NIC "VG.02"]
[Time "18:16:24"]
[TimeControl "120+12"]

1. e4 e5 2. Nc3 Nf6 3. Bc4 Nxe4 4. Qh5 Nd6 5. Bb3 Nc6 6. Nb5 g6 7. Qf3 f5 8.
Qd5 Qe7 9. Nxc7+ Kd8 10. Nxa8 b6 11. Ba4 Bb7 12. Nxb6 axb6 13. Qb3 Nc8 14.
Ne2 Qe6 15. Qxe6 dxe6 16. f3 Bd6 17. d3 Ke7 18. Be3 Kf6 19. Bb5 f4 20. Bf2
g5 21. h4 h6 22. hxg5+ Kxg5 23. Bc4 Kf6 24. O-O-O Na5 25. Bb5 Bc6 26. Ba6
Kg6 27. Bxc8 Rxc8 28. Bxb6 Nb7 29. Rhe1 Bd5 30. a4 Ra8 31. b3 Bb4 32. Rf1
Na5 33. d4 Nc6 34. c4 Bxc4 35. bxc4 Rxa4 36. d5 exd5 37. cxd5 Nb8 38. Bc7
Na6 39. Bxe5 Nc5 40. Kb1 Ba3 41. Bxf4 Nb3 42. Kc2 Nc5 43. Rd4 Ra5 44. Rh1
{Black resigns}
1-0

[Event "GambitGuide"]
[Site "Internet Chess Club"]
[Date "2014.10.30"]
[Round "1"]
[White "JSBach"]
[Black "Chanchito"]
[Result "1/2-1/2"]
[ICCResult "Game drawn by repetition"]
[WhiteElo "1652"]
[BlackElo "1946"]
[Opening "Vienna: `Frankenstein-Dracula' variation"]
[ECO "C27"]
[NIC "VG.02"]
[Time "18:10:12"]
[TimeControl "120+12"]

1. e4 e5 2. Nc3 Nf6 3. Bc4 Nxe4 4. Qh5 Nd6 5. Bb3 Nc6 6. Nb5 g6 7. Qf3 f5 8.
Qd5 Qe7 9. Nxc7+ Kd8 10. Nxa8 b6 11. Ba4 Bb7 12. Nxb6 axb6 13. Qb3 Kc7 14.
Ne2 Qe6 15. Qxe6 dxe6 16. d3 b5 17. Bb3 Bc8 18. c4 Nd4 19. Nxd4 exd4 20.
cxb5 Nxb5 21. a4 Nd6 22. f4 Nb7 23. Bd2 Bd7 24. a5 Bc5 25. a6 Nd6 26. Rc1
Kb6 27. Bd1 Nb5 28. Bf3 Bd6 29. Bb7 Rb8 30. Rf1 Rxb7 31. axb7 Kxb7 32. b3
Bc6 33. Kf2 Kb6 34. Rfe1 Bd5 35. Rb1 Nc3 36. Rb2 Kb5 37. Ra1 Bc5 38. Kg3 Kb6
39. b4 Bd6 40. Kh4 Be7+ 41. Kh3 h6 42. Kg3 Bd6 43. Kf2 Be7 44. g3 Bf6 45. h3
g5 46. g4 Be7 47. Re1 gxf4 48. Bxf4 Bh4+ 49. Bg3 Bg5 50. Bd6 Bh4+ 51. Bg3
Bg5 52. Bd6 Bh4+ 53. Bg3 Bg5 54. Be5 Bh4+ 55. Bg3 {Game drawn by repetition}
1/2-1/2

[Event "GambitGuide"]
[Site "Internet Chess Club"]
[Date "2014.10.30"]
[Round "1"]
[White "JSBach"]
[Black "asithink"]
[Result "0-1"]
[ICCResult "White checkmated"]
[WhiteElo "1652"]
[BlackElo "2016"]
[Opening "Vienna: `Frankenstein-Dracula' variation"]
[ECO "C27"]
[NIC "VG.02"]
[Time "18:18:43"]
[TimeControl "120+12"]

1. e4 e5 2. Nc3 Nf6 3. Bc4 Nxe4 4. Qh5 Nd6 5. Bb3 Nc6 6. Nb5 g6 7. Qf3 f5 8.
Qd5 Qe7 9. Nxc7+ Kd8 10. Nxa8 b6 11. Ba4 Bb7 12. Nxb6 axb6 13. Qb3 Kc7 14.
Ne2 Nd4 15. Nxd4 exd4+ 16. Kf1 Qg5 17. f3 Bg7 18. Kg1 Re8 19. Kf1 Qh4 20. g3
Qh3+ 21. Kf2 Ne4+ 22. fxe4 Bxe4 23. Qc4+ Kd8 24. Qf1 Qg4 25. Kg1 Bxh1 26.
Kxh1 Re2 27. Bb5 Qe4+ 28. Kg1 Re1 29. Qxe1 Qxe1+ 30. Bf1 Bh6 31. b4 Bxd2 32.
Bb2 Qe3+ 33. Kh1 Bc3 34. Bxc3 Qxc3 35. Rc1 Qxb4 36. Rd1 Qc3 37. Bd3 Kc7 38.
Kg2 Kd6 39. Kf3 b5 40. Kf2 b4 41. Rb1 Qd2+ 42. Kf3 Qe3+ 43. Kg2 Kc5 44. Rb3
Qd2+ 45. Kh3 Qf2 46. Rb1 g5 47. Rh1 h5 48. Ba6 h4 49. Bd3 f4 50. Rf1 Qe3 51.
Bf5 hxg3 52. Ra1 gxh2+ 53. Kxh2 Qg3+ 54. Kh1 f3 55. Bh3 Qxh3+ 56. Kg1 Qg2#
{White checkmated}
0-1

[Event "GambitGuide"]
[Site "Internet Chess Club"]
[Date "2014.10.30"]
[Round "1"]
[White "JSBach"]
[Black "AngryWhopper"]
[Result "1-0"]
[ICCResult "Black checkmated"]
[WhiteElo "1652"]
[BlackElo "2116"]
[Opening "Vienna: `Frankenstein-Dracula' variation"]
[ECO "C27"]
[NIC "VG.02"]
[Time "18:18:33"]
[TimeControl "120+12"]

1. e4 e5 2. Nc3 Nf6 3. Bc4 Nxe4 4. Qh5 Nd6 5. Bb3 Nc6 6. Nb5 g6 7. Qf3 f5 8.
Qd5 Qe7 9. Nxc7+ Kd8 10. Nxa8 b6 11. Ba4 Bb7 12. Nxb6 axb6 13. Qb3 Kc7 14.
Ne2 Qe6 15. Qxe6 dxe6 16. d3 Nd4 17. f3 Nxe2 18. Kxe2 f4 19. Rd1 Nf5 20. c3
Bc5 21. Bb3 Kd6 22. Rh1 g5 23. Bd2 h5 24. Rac1 g4 25. Rcf1 Rg8 26. Be1 gxf3+
27. gxf3 h4 28. Bf2 h3 29. Bxc5+ bxc5 30. a4 Nh4 31. Rf2 Rg2 32. Rf1 Bxf3+
33. Ke1 Bg4 34. Bd1 f3 35. b4 c4 36. dxc4 e4 37. Kd2 Ke5 38. b5 Kf4 39. Re2
Nf5 40. Kc1 Ne3 41. Rxe3 Kxe3 42. b6 f2 43. b7 Rg1 44. b8=Q Rxf1 45. Qg3+
Bf3 46. Qg5+ Kd3 47. Qd2+ Kxc4 48. Qd4# {Black checkmated} 1-0

[Event "GambitGuide"]
[Site "Internet Chess Club"]
[Date "2014.10.30"]
[Round "1"]
[White "JSBach"]
[Black "Fifo25"]
[Result "1-0"]
[ICCResult "Black resigns"]
[WhiteElo "1652"]
[BlackElo "1509"]
[Opening "Vienna: `Frankenstein-Dracula' variation"]
[ECO "C27"]
[NIC "VG.02"]
[Time "18:19:58"]
[TimeControl "120+12"]

1. e4 e5 2. Nc3 Nf6 3. Bc4 Nxe4 4. Qh5 Nd6 5. Bb3 Nc6 6. Nb5 g6 7. Qf3 f5 8.
Qd5 Qe7 9. Nxc7+ Kd8 10. Nxa8 b6 11. Ba4 Nb4 12. Qb3 Ne4 13. d3 Nc5 14. Qc4
Nxa4 15. Qc7+ Ke8 16. Qxc8+ Kf7 17. a3 Nd5 18. Qc4 Qc5 19. Qxa4 b5 20. Qb3
Bd6 21. c4 bxc4 22. dxc4 Nb6 23. Nxb6 axb6 24. Nf3 {Black resigns} 1-0

[Event "GambitGuide"]
[Site "Internet Chess Club"]
[Date "2014.10.30"]
[Round "1"]
[White "JSBach"]
[Black "AngryWhopper"]
[Result "1-0"]
[ICCResult "Black resigns"]
[WhiteElo "1652"]
[BlackElo "2116"]
[Opening "Vienna: `Frankenstein-Dracula' variation"]
[ECO "C27"]
[NIC "VG.02"]
[Time "18:21:38"]
[TimeControl "120+12"]

1. e4 e5 2. Nc3 Nf6 3. Bc4 Nxe4 4. Qh5 Nd6 5. Bb3 Nc6 6. Nb5 g6 7. Qf3 f5 8.
Qd5 Qe7 9. Nxc7+ Kd8 10. Nxa8 b6 11. Ba4 Bb7 12. Nxb6 axb6 13. Qb3 Kc7 14.
Ne2 Bg7 15. Nc3 Nd4 16. Nd5+ Bxd5 17. Qxd5 Rc8 18. Bb3 Kd8 19. Qg8+ Ne8 20.
c3 Nxb3 21. axb3 e4 22. Qxh7 Qg5 23. O-O f4 24. Re1 f3 25. g3 d5 26. Qg8 Qh5
27. c4 Rc5 28. Ra8+ {Black resigns} 1-0

[Event "GambitGuide"]
[Site "Internet Chess Club"]
[Date "2014.10.30"]
[Round "1"]
[White "JSBach"]
[Black "waynehatcher"]
[Result "1-0"]
[ICCResult "Black resigns"]
[WhiteElo "1652"]
[BlackElo "1858"]
[Opening "Vienna: `Frankenstein-Dracula' variation"]
[ECO "C27"]
[NIC "VG.02"]
[Time "18:19:09"]
[TimeControl "120+12"]

1. e4 e5 2. Nc3 Nf6 3. Bc4 Nxe4 4. Qh5 Nd6 5. Bb3 Nc6 6. Nb5 g6 7. Qf3 f5 8.
Qd5 Qe7 9. Nxc7+ Kd8 10. Nxa8 b6 11. Ba4 Bb7 12. Nxb6 axb6 13. Qb3 Kc7 14.
Ne2 Nc8 15. Bb5 Qe6 16. Qxe6 dxe6 17. f3 Nd4 18. Bd3 Bg7 19. Ng3 Rd8 20. O-O
Nd6 21. Re1 h5 22. c3 Nc6 23. Rb1 Ra8 24. Ra1 Ne8 25. Bc4 Kd6 26. a3 Nf6 27.
Rb1 Nd7 28. d4 Nd8 29. Be3 Bd5 30. Bb5 Nc6 31. dxe5+ Bxe5 32. c4 Rb8 33.
cxd5 exd5 34. f4 Bf6 35. Kf2 Nc5 36. Rec1 Rc8 37. Re1 Ne4+ 38. Nxe4+ fxe4
39. Bxb6 Ne7 40. b4 Nf5 41. Bc5+ Ke6 42. Red1 d4 43. Bc4+ Kd7 44. Rb3 Ke8
45. Be6 Rd8 46. Rc1 d3 47. Bc4 Bd4+ 48. Bxd4 Rxd4 49. Kg1 d2 50. Bb5+ Kf8
51. Rd1 e3 52. Bd3 Ne7 53. Be2 Nd5 54. Bf3 e2 55. Bxe2 Nxf4 56. Kf2 g5 57.
g3 Nh3+ 58. Ke3 Rd8 59. Bxh5 g4 60. Bxg4 Ng5 61. h4 Ne6 62. Bxe6 Re8 63.
Rf1+ Kg7 64. Kxd2 Rxe6 65. b5 Kg6 66. b6 Re8 67. g4 Rb8 68. a4 {Black
resigns} 1-0

[Event "GambitGuide"]
[Site "Internet Chess Club"]
[Date "2014.10.30"]
[Round "1"]
[White "JSBach"]
[Black "AngryWhopper"]
[Result "1/2-1/2"]
[ICCResult "Game drawn by repetition"]
[WhiteElo "1652"]
[BlackElo "2116"]
[Opening "Vienna: `Frankenstein-Dracula' variation"]
[ECO "C27"]
[NIC "VG.02"]
[Time "18:23:08"]
[TimeControl "120+12"]

1. e4 e5 2. Nc3 Nf6 3. Bc4 Nxe4 4. Qh5 Nd6 5. Bb3 Nc6 6. Nb5 g6 7. Qf3 f5 8.
Qd5 Qe7 9. Nxc7+ Kd8 10. Nxa8 b6 11. Ba4 Bb7 12. Nxb6 axb6 13. Qb3 Kc7 14.
Ne2 Qe6 15. Qxe6 dxe6 16. f3 Nd4 17. c3 Nxe2 18. Kxe2 e4 19. d4 exf3+ 20.
gxf3 Ba6+ 21. Ke1 Bg7 22. Bb3 e5 23. d5 Nc4 24. Kf2 Rd8 25. Rd1 Kd6 26. Bg5
Rd7 27. Rab1 Kc5 28. Be3+ Nxe3 29. Kxe3 Bc4 30. Bxc4 Kxc4 31. b3+ Kc5 32. c4
b5 33. cxb5 Kxb5 34. a4+ Kb4 35. h3 Bh6+ 36. Ke2 Bf4 37. Kf2 Rd6 38. Rd3 h5
39. h4 Kc5 40. Rbd1 Kb4 41. Re1 Kc5 42. Red1 Kb4 43. Re1 Kc5 44. Red1 Kb4
45. Re1 Kc5 46. Red1 Kb4 47. Re1 Kc5 48. Red1 Kb4 49. Re1
{Game drawn by repetition}
1/2-1/2

[Event "GambitGuide"]
[Site "Internet Chess Club"]
[Date "2014.10.30"]
[Round "1"]
[White "JSBach"]
[Black "janp"]
[Result "1-0"]
[ICCResult "Black resigns"]
[WhiteElo "1652"]
[BlackElo "1400"]
[Opening "Vienna: `Frankenstein-Dracula' variation"]
[ECO "C27"]
[NIC "VG.02"]
[Time "18:19:48"]
[TimeControl "120+12"]

1. e4 e5 2. Nc3 Nf6 3. Bc4 Nxe4 4. Qh5 Nd6 5. Bb3 Nc6 6. Nb5 g6 7. Qf3 f5 8.
Qd5 Qe7 9. Nxc7+ Kd8 10. Nxa8 b6 11. Ba4 Bb7 12. Nxb6 axb6 13. Qb3 b5 14.
Nf3 Bg7 15. Bxb5 Nxb5 16. Qxb5 Bc8 17. d3 Ke8 18. Bg5 Bf6 19. Bxf6 Qxf6 20.
a4 Kf7 21. a5 Nb8 22. Qxb8 e4 23. Ne5+ Ke7 24. dxe4 Ba6 25. Qc7 Qe6 26. Rd1
Rf8 27. Rxd7+ Kf6 28. Rd6 Kxe5 29. Rxa6+ Kxe4 30. Rxe6+ {Black resigns} 1-0

[Event "GambitGuide"]
[Site "Internet Chess Club"]
[Date "2014.10.30"]
[Round "1"]
[White "JSBach"]
[Black "AngryWhopper"]
[Result "1-0"]
[ICCResult "Black resigns"]
[WhiteElo "1652"]
[BlackElo "2116"]
[Opening "Vienna: `Frankenstein-Dracula' variation"]
[ECO "C27"]
[NIC "VG.02"]
[Time "18:24:57"]
[TimeControl "120+12"]

1. e4 e5 2. Nc3 Nf6 3. Bc4 Nxe4 4. Qh5 Nd6 5. Bb3 Nc6 6. Nb5 g6 7. Qf3 f5 8.
Qd5 Qe7 9. Nxc7+ Kd8 10. Nxa8 b6 11. Ba4 Bb7 12. Nxb6 axb6 13. Qb3 Kc7 14.
Ne2 Nd4 15. Nxd4 exd4+ 16. Kf1 Ba6+ 17. d3 Bg7 18. Bf4 Re8 19. Qb4 g5 20.
Bd2 f4 21. Re1 Qf7 22. Rxe8 Qxe8 23. h4 h6 24. hxg5 hxg5 25. Rh7 Qg6 26. Rh3
g4 27. Rh2 f3 28. Bf4 Bf8 29. Qxd4 Qf5 30. Be3 Nc8 31. c4 Bc5 32. Qf4+ Qxf4
33. Bxf4+ d6 34. Rh7+ {Black resigns} 1-0

[Event "GambitGuide"]
[Site "Internet Chess Club"]
[Date "2014.10.30"]
[Round "1"]
[White "JSBach"]
[Black "kaens"]
[Result "1/2-1/2"]
[ICCResult "Game drawn by repetition"]
[WhiteElo "1652"]
[BlackElo "2439"]
[Opening "Vienna: `Frankenstein-Dracula' variation"]
[ECO "C27"]
[NIC "VG.02"]
[Time "18:22:47"]
[TimeControl "120+12"]

1. e4 e5 2. Nc3 Nf6 3. Bc4 Nxe4 4. Qh5 Nd6 5. Bb3 Nc6 6. Nb5 g6 7. Qf3 f5 8.
Qd5 Qe7 9. Nxc7+ Kd8 10. Nxa8 b6 11. Ba4 Bb7 12. Nxb6 axb6 13. Qb3 Kc7 14.
Ne2 Ne4 15. Qb5 Bg7 16. d3 Nc5 17. Be3 Ra8 18. Bxc5 bxc5 19. Bb3 Nd4 20.
Nxd4 exd4+ 21. Kf1 Bc6 22. Qc4 Qg5 23. Rg1 Kd6 24. Re1 Qf4 25. Qf7 Be5 26.
Qxh7 Rh8 27. Qxg6+ Kc7 28. g3 Qf3 29. Rxe5 Rxh2 30. Qxf5 Rxf2+ 31. Ke1 Qxf5
32. Rxf5 Rxf5 33. a4 Kb6 34. g4 Rg5 35. c3 dxc3 36. bxc3 d5 37. d4 cxd4 38.
cxd4 Ka5 39. Bc2 Kb4 40. Kd2 Kc4 41. Ke3 Kc3 42. Bd1 Rg8 43. Kf4 Kxd4 44.
Bc2 Bd7 45. a5 Ra8 46. Ra1 Kc3 47. Bf5 Bxf5 48. gxf5 d4 49. Ra3+ Kc2 50.
Ra2+ Kc3 51. Ra3+ Kc2 52. Ra2+ Kc3 53. Ra3+ Kb4 54. Ra2 d3 55. Ke3 Kc3 56.
Ra3+ Kc2 57. Ra2+ Kc3 58. Ra3+ Kc2 59. Ra2+ Kc3 60. Ra3+ Kc2 61. Ra2+
{Game drawn by repetition}
1/2-1/2

[Event "GambitGuide"]
[Site "Internet Chess Club"]
[Date "2014.10.30"]
[Round "1"]
[White "JSBach"]
[Black "varun1"]
[Result "1-0"]
[ICCResult "Black resigns"]
[WhiteElo "1652"]
[BlackElo "1816"]
[Opening "Vienna: `Frankenstein-Dracula' variation"]
[ECO "C27"]
[NIC "VG.02"]
[Time "18:25:25"]
[TimeControl "120+12"]

1. e4 e5 2. Nc3 Nf6 3. Bc4 Nxe4 4. Qh5 Nd6 5. Bb3 Nc6 6. Nb5 g6 7. Qf3 f5 8.
Qd5 Qe7 9. Nxc7+ Kd8 10. Nxa8 b6 11. Ba4 Bb7 12. Nxb6 axb6 13. Qb3 Kc7 14.
Ne2 Bg7 15. O-O Ra8 16. Re1 Na5 17. Qd3 e4 18. Nc3 Qh4 19. Nb5+ Nxb5 20.
Qxb5 Bc6 21. Qb4 Be5 22. h3 g5 23. d4 Bd6 24. Qc3 Kb7 25. Bxc6+ Nxc6 26. d5
Ne5 27. Be3 g4 28. Qd4 Ra6 29. Bf4 Nf3+ 30. gxf3 Bxf4 31. fxg4 Qxh3 32. Rxe4
Qh2+ 33. Kf1 Qh1+ 34. Ke2 Qxa1 35. Rxf4 Rxa2 36. Rxf5 Rxb2 37. Qc4 Qc1 38.
Kf3 Rxc2 39. Qb5 Rc3+ 40. Kg2 Rc7 41. Rf7 Qg5 42. f3 h5 43. Rxd7 hxg4 44.
Rxc7+ Kxc7 45. d6+ Kxd6 46. Qxg5 {Black resigns} 1-0

[Event "GambitGuide"]
[Site "Internet Chess Club"]
[Date "2014.10.30"]
[Round "1"]
[White "JSBach"]
[Black "AngryWhopper"]
[Result "1-0"]
[ICCResult "Black resigns"]
[WhiteElo "1652"]
[BlackElo "2116"]
[Opening "Vienna: `Frankenstein-Dracula' variation"]
[ECO "C27"]
[NIC "VG.02"]
[Time "18:26:57"]
[TimeControl "120+12"]

1. e4 e5 2. Nc3 Nf6 3. Bc4 Nxe4 4. Qh5 Nd6 5. Bb3 Nc6 6. Nb5 g6 7. Qf3 f5 8.
Qd5 Qe7 9. Nxc7+ Kd8 10. Nxa8 b6 11. Ba4 Bb7 12. Nxb6 axb6 13. Qb3 Kc7 14.
Ne2 Nd4 15. Nxd4 exd4+ 16. Kf1 Qe4 17. f3 Qe5 18. Qb4 b5 19. Qa5+ Kb8 20.
Qd8+ Ka7 21. Bb3 Bg7 22. Qxd7 Nc4 23. a4 Re8 24. axb5+ {Black resigns} 1-0

[Event "GambitGuide"]
[Site "Internet Chess Club"]
[Date "2014.10.30"]
[Round "1"]
[White "JSBach"]
[Black "ChristosB"]
[Result "1-0"]
[ICCResult "Black resigns"]
[WhiteElo "1652"]
[BlackElo "1678"]
[Opening "Vienna: `Frankenstein-Dracula' variation"]
[ECO "C27"]
[NIC "VG.02"]
[Time "18:27:03"]
[TimeControl "120+12"]

1. e4 e5 2. Nc3 Nf6 3. Bc4 Nxe4 4. Qh5 Nd6 5. Bb3 Nc6 6. Nb5 g6 7. Qf3 f5 8.
Qd5 Qe7 9. Nxc7+ Kd8 10. Nxa8 b6 11. Ba4 Bg7 12. Bxc6 dxc6 13. Qb3 Bb7 14.
Nxb6 axb6 15. Qxb6+ Qc7 16. Qxc7+ Kxc7 17. a4 Ba6 18. f3 Re8 19. d3 e4 20.
dxe4 fxe4 21. fxe4 Nxe4 22. Bf4+ Kb7 23. O-O-O Nc5 24. b3 Re7 25. Bd6
{Black resigns}
1-0

[Event "GambitGuide"]
[Site "Internet Chess Club"]
[Date "2014.10.30"]
[Round "1"]
[White "JSBach"]
[Black "waynehatcher"]
[Result "1-0"]
[ICCResult "Black resigns"]
[WhiteElo "1652"]
[BlackElo "1858"]
[Opening "Vienna: `Frankenstein-Dracula' variation"]
[ECO "C27"]
[NIC "VG.02"]
[Time "18:24:52"]
[TimeControl "120+12"]

1. e4 e5 2. Nc3 Nf6 3. Bc4 Nxe4 4. Qh5 Nd6 5. Bb3 Nc6 6. Nb5 g6 7. Qf3 f5 8.
Qd5 Qe7 9. Nxc7+ Kd8 10. Nxa8 b6 11. Ba4 Bb7 12. Nxb6 axb6 13. Qb3 Kc7 14.
Ne2 Bg7 15. Qd3 e4 16. Qb3 Ra8 17. Nc3 Bxc3 18. dxc3 Qe6 19. Bf4 Ne5 20.
Qxe6 dxe6 21. Bb3 Nef7 22. Bxe6 Kc6 23. c4 Re8 24. Bd5+ Kd7 25. O-O-O Kc8
26. Be3 Bxd5 27. cxd5 Kb7 28. Bd4 Ra8 29. Kb1 b5 30. c3 Kc7 31. Rhe1 Kd7 32.
Re2 Rb8 33. Kc1 b4 34. a4 bxc3 35. bxc3 Nc4 36. Ba7 Ra8 37. Bc5 Rxa4 38. Kb1
Nfd6 39. Ra2 Rxa2 40. Kxa2 Ke7 41. Bxd6+ Kxd6 42. Rd4 Kc5 43. Rxc4+ Kxc4 44.
d6 f4 45. d7 e3 46. d8=Q exf2 47. Qd4+ Kb5 48. Qxf4 f1=Q 49. Qxf1+
{Black resigns}
1-0

[Event "GambitGuide"]
[Site "Internet Chess Club"]
[Date "2014.10.30"]
[Round "1"]
[White "JSBach"]
[Black "geographywhiz"]
[Result "0-1"]
[ICCResult "White checkmated"]
[WhiteElo "1652"]
[BlackElo "1748"]
[Opening "Vienna: `Frankenstein-Dracula' variation"]
[ECO "C27"]
[NIC "VG.02"]
[Time "18:24:43"]
[TimeControl "120+12"]

1. e4 e5 2. Nc3 Nf6 3. Bc4 Nxe4 4. Qh5 Nd6 5. Bb3 Nc6 6. Nb5 g6 7. Qf3 f5 8.
Qd5 Qe7 9. Nxc7+ Kd8 10. Nxa8 b6 11. Ba4 Bb7 12. Nxb6 axb6 13. Qb3 Kc7 14.
Ne2 Na5 15. Qh3 Bg7 16. c3 e4 17. Nf4 Be5 18. Qe3 Nac4 19. Qg3 g5 20. d4
gxf4 21. Bxf4 Bxf4 22. Qxf4 Nxb2 23. Bc2 Nd3+ 24. Bxd3 exd3+ 25. Qe3 Re8 26.
Qxe7 Rxe7+ 27. Kf1 Ne4 28. Rc1 Ba6 29. Kg1 Nxc3 30. Rxc3+ Kd6 31. f4 d2 32.
Kf2 Re2+ 33. Kg3 Re1 34. Rb3 Rxh1 35. Rxb6+ Kc7 36. Rxa6 d1=Q 37. Ra7+ Kb6
38. Rxd7 Rf1 39. Rg7 Qd3+ 40. Kh4 Rxf4+ 41. Kh5 Qe2+ 42. Kg5 Qg4+ 43. Kf6
Qh4+ 44. Kf7 Re4 45. Rg3 f4 46. Rb3+ Ka5 47. Ra3+ Kb4 48. Rb3+ Ka4 49. Rd3
Re7+ 50. Kf8 Qf6+ 51. Kg8 Qg7# {White checkmated} 0-1

[Event "GambitGuide"]
[Site "Internet Chess Club"]
[Date "2014.10.30"]
[Round "1"]
[White "JSBach"]
[Black "Fifo25"]
[Result "1-0"]
[ICCResult "Black resigns"]
[WhiteElo "1652"]
[BlackElo "1509"]
[Opening "Vienna: `Frankenstein-Dracula' variation"]
[ECO "C27"]
[NIC "VG.02"]
[Time "18:22:32"]
[TimeControl "120+12"]

1. e4 e5 2. Nc3 Nf6 3. Bc4 Nxe4 4. Qh5 Nd6 5. Bb3 Nc6 6. Nb5 g6 7. Qf3 f5 8.
Qd5 Qe7 9. Nxc7+ Kd8 10. Nxa8 b6 11. Ba4 Bb7 12. Nxb6 axb6 13. Qb3 Kc7 14.
Ne2 Bh6 15. O-O Ba6 16. Re1 b5 17. Qd3 e4 18. Qh3 Bg7 19. Nc3 Qe5 20. Bb3
Ne7 21. a4 b4 22. Na2 Qd4 23. Qe3 Qxe3 24. dxe3 Rb8 25. h3 Nc4 26. Rb1 Nc6
27. c3 bxc3 28. bxc3 N6e5 29. Nb4 Rxb4 30. cxb4 Nd3 31. Rd1 d5 32. Bc2 Nce5
33. b5 Bb7 34. f4 {Black resigns} 1-0

[Event "GambitGuide"]
[Site "Internet Chess Club"]
[Date "2014.10.30"]
[Round "1"]
[White "JSBach"]
[Black "scoobie"]
[Result "0-1"]
[ICCResult "White checkmated"]
[WhiteElo "1652"]
[BlackElo "2029"]
[Opening "Vienna: `Frankenstein-Dracula' variation"]
[ECO "C27"]
[NIC "VG.02"]
[Time "18:28:52"]
[TimeControl "120+12"]

1. e4 e5 2. Nc3 Nf6 3. Bc4 Nxe4 4. Qh5 Nd6 5. Bb3 Nc6 6. Nb5 g6 7. Qf3 f5 8.
Qd5 Qe7 9. Nxc7+ Kd8 10. Nxa8 b6 11. Ba4 Bb7 12. Nxb6 axb6 13. Qb3 Kc7 14.
Ne2 Nd4 15. Nxd4 exd4+ 16. Kf1 Bg7 17. Rb1 Rf8 18. Qb4 Re8 19. Qxd6+ Qxd6
20. d3 Qe5 21. Bf4 Qxf4 22. f3 Qd2 23. h4 Re2 24. Rh3 Rf2+ 25. Kg1 Rxg2+ 26.
Kh1 Rf2 27. Bb3 Rxf3 28. Bd5 Bxd5 29. Rxf3 Bxf3+ 30. Kg1 Qg2# {White
checkmated} 0-1

[Event "GambitGuide"]
[Site "Internet Chess Club"]
[Date "2014.10.30"]
[Round "1"]
[White "JSBach"]
[Black "AngryWhopper"]
[Result "1-0"]
[ICCResult "Black resigns"]
[WhiteElo "1652"]
[BlackElo "2116"]
[Opening "Vienna: `Frankenstein-Dracula' variation"]
[ECO "C27"]
[NIC "VG.02"]
[Time "18:28:12"]
[TimeControl "120+12"]

1. e4 e5 2. Nc3 Nf6 3. Bc4 Nxe4 4. Qh5 Nd6 5. Bb3 Nc6 6. Nb5 g6 7. Qf3 f5 8.
Qd5 Qe7 9. Nxc7+ Kd8 10. Nxa8 b6 11. Ba4 Bb7 12. Nxb6 axb6 13. Qb3 Kc7 14.
Ne2 Nc8 15. Bb5 Bg7 16. a4 Na5 17. Qg3 f4 18. Qg4 Nd6 19. O-O Nxb5 20. axb5
Qf6 21. Ra3 h5 22. Qh3 Kb8 23. Qxd7 Rd8 24. Qh3 Bc8 25. Qc3 g5 26. b4 Nb7
27. Re1 g4 28. Qc6 Rd6 29. Qe8 f3 30. Ng3 fxg2 31. Nxh5 Qh4 32. Nxg7 Rh6 33.
Qxe5+ Nd6 34. Bb2 g3 35. Qxg3 Qxb4 36. Qe5 Qxd2 37. Bc1 Qb4 38. c3
{Black resigns}
1-0

[Event "GambitGuide"]
[Site "Internet Chess Club"]
[Date "2014.10.30"]
[Round "1"]
[White "JSBach"]
[Black "franco"]
[Result "1-0"]
[ICCResult "Black checkmated"]
[WhiteElo "1652"]
[BlackElo "1392"]
[Opening "Vienna: `Frankenstein-Dracula' variation"]
[ECO "C27"]
[NIC "VG.02"]
[Time "18:27:56"]
[TimeControl "120+12"]

1. e4 e5 2. Nc3 Nf6 3. Bc4 Nxe4 4. Qh5 Nd6 5. Bb3 Nc6 6. Nb5 g6 7. Qf3 f5 8.
Qd5 Qe7 9. Nxc7+ Kd8 10. Nxa8 b6 11. Ba4 Bb7 12. Nxb6 axb6 13. Qb3 Kc7 14.
Ne2 b5 15. Bxb5 Nxb5 16. Qxb5 Qb4 17. c4 Qxb5 18. cxb5 Nb4 19. O-O Nd3 20.
g3 Bc5 21. a3 Re8 22. b4 Bb6 23. Rb1 e4 24. Bb2 d5 25. Bd4 Ra8 26. Rbc1+ Kd7
27. Bxb6 Rxa3 28. Rc7+ Kd6 29. Rxb7 Nxb4 30. Bc7+ Kc5 31. Rc1+ Nc2 32. Rxc2+
Kb4 33. Bd6+ Ka5 34. Ra7+ Kxb5 35. Nd4+ Kb6 36. Bc5# {Black checkmated} 1-0